[Event "42nd Olympiad Baku 2016 Open"]
[Site "Baku"]
[Date "2016.09.04"]
[Round "3.20"]
[White "Urkedal, Frode"]
[Black "Jianu, Vlad-Cristian"]
[Result "1/2-1/2"]
[ECO "B07"]
[WhiteElo "2537"]
[BlackElo "2554"]
[Annotator ""]
[PlyCount "53"]
[EventDate "2016.??.??"]
[EventCountry "AZE"]
[SourceTitle "playchess.com"]
[Source "ChessBase"]
[WhiteTeam "Norway"]
[BlackTeam "Romania"]
[WhiteTeamCountry "NOR"]
[BlackTeamCountry "ROU"]
[TimeControl "40/5400+30:1800+30"]

1. e4 {(00:00)} d6 {(00:00)} 2. d4 {(00:00)} Nf6 {(
00:00)} 3. Nc3 {(00:00)} g6 {(00:00)} 4. Be3 {(02:33)} Bg7
{(00:11)} 5. Qd2 {(00:30)} O-O {(00:47)} 6. Nf3 {(
00:27)} c6 {(01:36)} 7. h3 {(03:00)} Nbd7 {(02:58)} 8. Bd3
{(02:48)} e5 {(03:13)} 9. dxe5 {(00:08)} dxe5 {(00:
16)} 10. Ne2 {(01:19)} Qe7 {(03:39)} 11. O-O {(02:35)} Nc5
{(13:01)} 12. Qb4 {(02:24)} Nfd7 {(02:45)} 13. Ng3 {
(06:12)} a5 {(04:15)} 14. Qd2 {(00:44)} Rd8 {(05:
08)} 15. Rfd1 {(04:13)} Nf8 {(14:38)} 16. Bh6 {(17:42)} f6
{(06:59)} 17. Bxg7 {(13:06)} Kxg7 {(00:07)} 18. Qe3 {
(00:17)} Be6 {(07:51)} 19. Be2 {(02:53)} b6 {(03:
35)} 20. Nh2 {(04:33)} Rxd1+ {(02:32)} 21. Bxd1 {(00:37)}
Rd8 {(02:16)} 22. Be2 {(00:42)} Qd6 {(07:02)} 23. Rd1 {
(02:13)} Qe7 {(00:47)} 24. Rf1 {(07:23)} Qd6 {(01:
59)} 25. Rd1 {(04:33)} Qe7 {(00:08)} 26. Rf1 {(01:52)} Qd6
{(00:07)} 27. Rd1 {(02:50)} 1/2-1/2

[Event "42nd Olympiad Baku 2016 Open"]
[Site "Baku"]
[Date "2016.09.04"]
[Round "3.30"]
[White "Utegaliyev, Azamat"]
[Black "Palac, Mladen"]
[Result "1/2-1/2"]
[ECO "A22"]
[WhiteElo "2513"]
[BlackElo "2623"]
[Annotator ""]
[PlyCount "88"]
[EventDate "2016.??.??"]
[EventCountry "AZE"]
[SourceTitle "playchess.com"]
[Source "ChessBase"]
[WhiteTeam "Kazakhstan"]
[BlackTeam "Croatia"]
[WhiteTeamCountry "KAZ"]
[BlackTeamCountry "CRO"]
[TimeControl "40/5400+30:1800+30"]

1. c4 {(00:00)} Nf6 {(00:13)} 2. Nc3 {(00:00)} e5 {
(00:05)} 3. g3 {(00:00)} Bb4 {(01:31)} 4. Bg2 {(00:
12)} O-O {(00:02)} 5. Nf3 {(01:18)} Re8 {(07:36)} 6. O-O {
(00:30)} e4 {(01:07)} 7. Nd4 {(06:06)} Nc6 {(02:20]
} 8. Nc2 {(01:48)} Bxc3 {(00:46)} 9. dxc3 {(00:35)} h6 {
(06:17)} 10. Ne3 {(00:45)} d6 {(05:18)} 11. Qc2 {(
01:03)} a5 {(25:33)} 12. Rd1 {(03:41)} b6 {(00:30)} 13.
Rb1 {(10:52)} a4 {(19:15)} 14. b4 {(01:38)} axb3 {(
02:19)} 15. axb3 {(00:08)} Bd7 {(00:08)} 16. Nd5 {(04:43)}
Bf5 {(00:16)} 17. Be3 {(00:03)} Ng4 {(01:51)} 18. h3 {
(04:08)} Nxe3 {(00:05)} 19. Nxe3 {(00:03)} Bg6 {(
01:43)} 20. Ra1 {(00:07)} Re5 {(04:10)} 21. b4 {(20:46)}
Ne7 {(00:51)} 22. Qb2 {(02:02)} Rb8 {(03:07)} 23. Ra7 {
(03:50)} Nc6 {(02:03)} 24. Ra3 {(06:17)} Ne7 {(02:
58)} 25. Qd2 {(17:30)} f5 {(00:28)} 26. Ra7 {(06:59)} Nc6
{(01:35)} 27. Raa1 {(00:10)} Ne7 {(00:16)} 28. Re1 {
(03:36)} Bf7 {(01:12)} 29. f4 {(00:28)} exf3 {(00:
04)} 30. exf3 {(00:03)} f4 {(00:51)} 31. gxf4 {(00:21)}
Rh5 32. Qd4 {(02:53)} Qd7 {(02:35)} 33. Rad1 {(01:01)} Rf8
{(01:08)} 34. Ng4 {(02:26)} Nf5 {(06:13)} 35. Qe4 {
(00:02)} Qc8 {(01:03)} 36. Kh2 {(00:52)} Re8 {(00:
55)} 37. Qd3 {(00:10)} Nh4 {(00:26)} 38. Rxe8+ {(01:03)}
Qxe8 {(00:08)} 39. Rg1 {(00:24)} Bg6 {(01:37)} 40. Qe3 {
(00:00)} Qf7 {(00:00)} 41. Bf1 {(02:00)} Nf5 {(08:
28)} 42. Qf2 {(04:29)} Ne7 {(02:20)} 43. Qe3 {(10:29)} Rf5
{(10:05)} 44. Bd3 {(01:59)} Rxf4 {(00:13)} 1/2-1/2

[Event "42nd Olympiad Baku 2016 Open"]
[Site "Baku"]
[Date "2016.09.04"]
[Round "3.1"]
[White "Vachier-Lagrave, Maxime"]
[Black "Vallejo Pons, Francisco"]
[Result "1/2-1/2"]
[ECO "C67"]
[WhiteElo "2813"]
[BlackElo "2716"]
[Annotator ""]
[PlyCount "85"]
[EventDate "2016.??.??"]
[EventCountry "AZE"]
[SourceTitle "playchess.com"]
[Source "ChessBase"]
[WhiteTeam "France"]
[BlackTeam "Spain"]
[WhiteTeamCountry "FRA"]
[BlackTeamCountry "ESP"]
[TimeControl "40/5400+30:1800+30"]

1. e4 {(00:00)} e5 {(00:00)} 2. Nf3 {(00:00)} Nc6 {
(00:00)} 3. Bb5 {(00:00)} Nf6 {(00:15)} 4. O-O {(
00:00)} Nxe4 {(00:12)} 5. d4 {(00:00)} Nd6 {(00:09)} 6.
Bxc6 {(00:00)} dxc6 {(00:08)} 7. dxe5 {(00:00)} Nf5 {
(00:10)} 8. Qxd8+ {(00:00)} Kxd8 {(00:08)} 9. h3 {(
00:00)} Ke8 {(02:48)} 10. Nc3 {(00:00)} b6 {(01:04)} 11.
Rd1 {(04:21)} Bb4 {(10:26)} 12. Ne2 {(03:01)} Bb7 {
(00:57)} 13. Bf4 {(08:47)} Be7 {(08:47)} 14. Ned4 {
(05:40)} Nxd4 {(01:02)} 15. Nxd4 {(00:06)} Rd8 {(
01:25)} 16. a4 {(05:38)} g5 {(15:16)} 17. Bg3 {(13:31)} a6
{(09:08)} 18. e6 {(08:27)} Bd6 {(22:58)} 19. Bxd6 {
(01:14)} Rxd6 {(03:08)} 20. Nf3 {(07:29)} fxe6 {(
05:37)} 21. Nxg5 {(00:56)} Ke7 {(00:02)} 22. Ne4 {(00:12)}
Rxd1+ {(01:34)} 23. Rxd1 {(00:06)} c5 {(00:05)} 24. Re1 {
(00:54)} h6 {(04:38)} 25. Nd2 {(01:37)} Rd8 {(01:
30)} 26. Nc4 {(01:47)} Kf6 {(03:42)} 27. f3 {(03:18)} Rd4
{(01:27)} 28. b3 {(00:26)} h5 {(00:45)} 29. Kf2 {(
01:07)} Bd5 {(01:16)} 30. Nb2 {(05:14)} Rd2+ {(02:58)} 31.
Re2 {(00:06)} Rxe2+ {(00:07)} 32. Kxe2 {(00:04)} h4 {
(01:35)} 33. Ke3 {(07:30)} a5 {(02:34)} 34. c4 {(
01:34)} Bc6 {(00:05)} 35. Nd1 {(00:06)} Ke5 {(01:00)} 36.
Nc3 {(01:11)} Be8 {(00:19)} 37. Ne4 {(03:30)} Bg6 {
(00:18)} 38. f4+ {(03:15)} Kf5 {(00:01)} 39. g4+ {(
03:13)} hxg3 {(00:04)} 40. Nxg3+ {(00:00)} Kf6 {(00:00)}
41. Kd2 {(01:40)} Bf5 {(05:06)} 42. Nxf5 {(01:48)} exf5 {
(00:30)} 43. Ke3 {(00:03)} 1/2-1/2

[Event "42nd Olympiad Baku 2016 Open"]
[Site "Baku"]
[Date "2016.09.04"]
[Round "3.26"]
[White "Vakhidov, Jahongir"]
[Black "Laznicka, Viktor"]
[Result "0-1"]
[ECO "D37"]
[WhiteElo "2583"]
[BlackElo "2651"]
[Annotator ""]
[PlyCount "82"]
[EventDate "2016.??.??"]
[EventCountry "AZE"]
[SourceTitle "playchess.com"]
[Source "ChessBase"]
[WhiteTeam "Uzbekistan"]
[BlackTeam "Czech Republic"]
[WhiteTeamCountry "UZB"]
[BlackTeamCountry "CZE"]
[TimeControl "40/5400+30:1800+30"]

1. d4 {(00:00)} Nf6 {(00:00)} 2. Nf3 {(00:32)} e6 {
(00:03)} 3. c4 {(01:04)} d5 {(00:23)} 4. Nc3 {(00:
57)} Nbd7 {(00:58)} 5. Qc2 {(04:58)} Bb4 {(09:17)} 6. Bd2
{(02:09)} O-O {(02:43)} 7. e3 {(00:43)} b6 {(06:29]
} 8. Be2 {(22:45)} Bb7 {(08:04)} 9. O-O {(02:45)} Be7 {
(07:22)} 10. Rfd1 {(06:22)} c5 {(06:21)} 11. Be1 {(
00:29)} Rc8 {(02:08)} 12. cxd5 {(06:13)} exd5 {(00:34)}
13. Qf5 {(00:36)} a6 {(08:00)} 14. Ne5 {(02:06)} g6 {
(02:36)} 15. Qh3 {(00:27)} c4 {(01:53)} 16. a4 {(
06:43)} Bd6 {(13:15)} 17. f4 {(04:23)} Rc7 {(04:09)} 18.
g4 {(05:07)} Bb4 {(03:10)} 19. Bf3 {(04:07)} Qe7 {(
04:22)} 20. g5 {(02:21)} Ne4 {(06:18)} 21. Nxe4 {(12:53)}
dxe4 {(00:26)} 22. Nxd7 {(00:52)} Rxd7 {(01:06)} 23. Bxb4
{(00:10)} Qxb4 {(00:03)} 24. Qxd7 {(00:27)} Bc8 {(
01:18)} 25. Qc6 {(00:04)} exf3 {(00:10)} 26. Qxf3 {(00:10]
} Bd7 {(00:40)} 27. e4 {(05:57)} Bxa4 {(00:31)} 28. Rf1 {
(01:43)} a5 {(03:16)} 29. Qa3 {(04:10)} Bc2 {(00:
38)} 30. Qxb4 {(01:49)} axb4 {(00:05)} 31. Ra6 {(00:54)}
Rb8 {(02:12)} 32. Re1 {(00:01)} b5 {(01:54)} 33. d5 {
(00:41)} c3 {(01:44)} 34. Rc6 {(00:15)} Kf8 {(02:
43)} 35. d6 {(00:43)} Ke8 {(00:05)} 36. e5 {(00:48)} Bf5 {
(01:34)} 37. Re2 {(01:14)} Bd3 {(01:02)} 38. Rf2 {(
00:50)} Ra8 {(00:39)} 39. d7+ {(00:30)} Kd8 {(00:20)} 40.
h4 {(00:00)} Ra1+ {(00:00)} 41. Kh2 {(00:36)} Ra2 {
(04:59)} 0-1

[Event "42nd Olympiad Baku 2016 Open"]
[Site "Baku"]
[Date "2016.09.04"]
[Round "3.32"]
[White "Valenzuela Fuentealba, Luis"]
[Black "Abdullah, Mohd Kamal"]
[Result "1-0"]
[ECO "E12"]
[WhiteElo "2439"]
[BlackElo "2100"]
[Annotator ""]
[PlyCount "123"]
[EventDate "2016.??.??"]
[EventCountry "AZE"]
[SourceTitle "playchess.com"]
[Source "ChessBase"]
[WhiteTeam "Chile"]
[BlackTeam "Malaysia"]
[WhiteTeamCountry "CHI"]
[BlackTeamCountry "MAS"]
[TimeControl "40/5400+30:1800+30"]

1. d4 {(00:00)} Nf6 {(01:13)} 2. Nf3 {(00:10)} e6 {
(00:27)} 3. c4 {(00:53)} b6 {(00:45)} 4. a3 {(03:
01)} Bb7 {(02:05)} 5. Nc3 {(01:05)} d5 {(03:49)} 6. Bg5 {
(05:09)} Be7 {(02:09)} 7. Qa4+ {(01:24)} Bc6 {(15:
22)} 8. Qc2 {(07:25)} O-O {(04:03)} 9. e3 {(07:21)} Bb7 {
(06:33)} 10. Bd3 {(10:16)} Nbd7 {(06:51)} 11. cxd5 {
(03:03)} exd5 {(00:39)} 12. O-O {(02:49)} c5 {(12:
32)} 13. Rad1 {(01:47)} h6 {(07:31)} 14. Bf4 {(07:54)} Nh5
{(06:24)} 15. Be5 {(04:38)} Nhf6 {(08:16)} 16. Bf5 {
(05:52)} a6 {(07:38)} 17. Bxd7 {(11:54)} Qxd7 {(03:
22)} 18. Na4 {(05:22)} Qb5 {(02:37)} 19. dxc5 {(02:59)}
bxc5 {(00:52)} 20. Bxf6 {(00:34)} gxf6 {(01:43)} 21. Nc3 {
(00:38)} Qb6 {(02:11)} 22. Nxd5 {(00:17)} Bxd5 {(
00:29)} 23. Rxd5 {(00:02)} Rfd8 {(00:42)} 24. Rfd1 {(04:
57)} Rxd5 {(01:23)} 25. Rxd5 {(00:01)} Rb8 {(00:27)} 26.
Rd2 {(00:09)} Qe6 {(01:03)} 27. Nh4 {(03:08)} Qe5 {
(01:33)} 28. Nf5 {(01:28)} Bf8 {(00:08)} 29. g3 {(
01:59)} Re8 {(01:04)} 30. Kg2 {(04:51)} h5 {(00:32)} 31.
b3 {(00:58)} Qe6 {(00:23)} 32. Nh4 {(01:47)} Rb8 {(
00:02)} 33. Rd3 {(00:14)} Be7 {(00:51)} 34. Rc3 {(00:30)}
Rd8 {(00:40)} 35. Nf5 {(00:11)} Bf8 {(00:07)} 36. e4 {
(00:06)} Qe5 {(00:49)} 37. a4 {(01:46)} Re8 {(00:
25)} 38. Re3 {(00:07)} Rb8 {(00:45)} 39. Qe2 {(00:10)} Rb4
{(00:13)} 40. Qd3 {(01:57)} Qe6 {(00:00)} 41. Qe2 {
(12:10)} Rxb3 {(12:15)} 42. Rxb3 {(05:14)} Qxb3 {(
00:07)} 43. Qxa6 {(00:03)} c4 {(11:49)} 44. Qxf6 {(00:18)}
c3 {(01:49)} 45. Qg5+ {(07:54)} Kh7 {(00:16)} 46. Qxh5+ {
(00:08)} Kg8 {(00:07)} 47. Qf3 {(05:14)} Qb2 {(04:
31)} 48. Qg4+ {(00:29)} Kh7 {(00:15)} 49. Qh4+ {(00:10)}
Kg8 {(00:12)} 50. Qg5+ {(00:19)} Kh7 {(00:33)} 51. Qf6 {
(00:31)} Qb3 {(02:21)} 52. Qc6 {(01:43)} Qb4 {(02:
13)} 53. Ne3 {(01:30)} Bh6 {(00:45)} 54. Nf5 {(01:07)} Bg7
{(00:33)} 55. Ne3 {(01:08)} Bh6 {(00:02)} 56. Nf5 {
(00:29)} Bg7 {(00:07)} 57. Nd6 {(00:27)} c2 {(01:
09)} 58. Qxc2 {(00:37)} Qxd6 {(00:10)} 59. e5+ {(00:11)}
Qg6 {(00:11)} 60. Qxg6+ {(00:01)} Kxg6 {(00:32)} 61. f4 {
(00:05)} Kf5 {(01:20)} 62. Kf3 {(00:01] Ke4+ Kxe4} 1-0

[Event "42nd Olympiad Baku 2016 Open"]
[Site "Baku"]
[Date "2016.09.04"]
[Round "3.19"]
[White "Van Wely, Loek"]
[Black "Nguyen, Huynh Minh Huy"]
[Result "1/2-1/2"]
[ECO "A11"]
[WhiteElo "2674"]
[BlackElo "2435"]
[Annotator ""]
[PlyCount "214"]
[EventDate "2016.??.??"]
[EventCountry "AZE"]
[SourceTitle "playchess.com"]
[Source "ChessBase"]
[WhiteTeam "Netherlands"]
[BlackTeam "Vietnam"]
[WhiteTeamCountry "NED"]
[BlackTeamCountry "VIE"]
[TimeControl "40/5400+30:1800+30"]

1. c4 {(00:00)} c6 {(00:08)} 2. Nf3 {(00:39)} d5 {(
00:17)} 3. e3 {(01:55)} Nf6 {(00:56)} 4. Nc3 {(00:39)} a6
{(04:04)} 5. d4 {(01:35)} g6 {(04:51)} 6. Be2 {(08:
49)} Bg7 {(01:14)} 7. O-O {(00:50)} O-O {(00:55)} 8. b3 {
(04:13)} Ne4 {(14:53)} 9. Bb2 {(02:35)} Nxc3 {(09:
13)} 10. Bxc3 {(00:06)} Bg4 {(00:15)} 11. Rc1 {(09:20)} e6
{(04:59)} 12. Ne1 {(04:04)} Bxe2 {(02:33)} 13. Qxe2 {
(00:12)} Nd7 {(00:40)} 14. Nd3 {(00:24)} Qb8 {(01:
51)} 15. Rfd1 {(02:50)} Rc8 {(02:57)} 16. Qe1 {(21:50)} b5
{(08:08)} 17. cxd5 {(09:15)} cxd5 {(01:01)} 18. Bb4 {
(00:39)} Qb7 {(04:25)} 19. h3 {(03:39)} Bf6 {(02:
48)} 20. Qd2 {(06:23)} Bd8 {(03:48)} 21. Bc5 {(02:02)} a5
{(03:19)} 22. a3 {(01:45)} Ra6 {(01:01)} 23. b4 {(
04:02)} axb4 {(02:06)} 24. axb4 {(00:16)} Rca8 {(02:13)}
25. Qe1 {(01:21)} Ra2 {(00:55)} 26. Nf4 {(03:43)} Nf6 {
(09:42)} 27. Ne2 {(01:35)} Ne4 {(00:17)} 28. f3 {(
00:39)} Nxc5 {(00:29)} 29. dxc5 {(00:41)} Bf6 {(00:07)}
30. Nd4 {(03:20)} Bxd4 {(00:35)} 31. exd4 {(00:50)} Qc7 {
(00:36)} 32. Ra1 {(03:02)} Qf4 {(01:21)} 33. Rxa2 {
(00:19)} Rxa2 {(00:02)} 34. Qe5 {(01:26)} Qxe5 {(
01:25)} 35. dxe5 {(00:07)} Kf8 {(07:57)} 36. Rd4 {(01:27)}
Rb2 {(01:06)} 37. f4 {(01:05)} h6 {(01:03)} 38. h4 {
(00:22)} h5 {(00:34)} 39. Kh2 {(00:22)} Ke7 {(02:
50)} 40. Kg3 {(00:00)} Kd7 {(00:00)} 41. Kf3 {(01:24)} Ke7
{(05:11)} 42. g3 {(12:18)} Rb3+ {(05:28)} 43. Kg2 {
(00:44)} f6 {(02:27)} 44. Kf2 {(00:08)} Kf7 {(02:
17)} 45. Kg2 {(08:33)} Ke7 {(09:54)} 46. Kf2 {(00:57)} Ke8
{(01:15)} 47. exf6 {(03:25)} Kf7 {(01:22)} 48. Rd2 {
(00:23)} Rxb4 {(01:22)} 49. Rc2 {(00:24)} Ra4 {(00:
16)} 50. c6 {(00:14)} Ra8 {(00:05)} 51. Ke3 {(00:14)} Kxf6
{(05:06)} 52. Kd4 {(00:12)} Ke7 {(02:56)} 53. Kc5 {
(00:24)} b4 {(00:25)} 54. c7 {(08:24)} Kd7 {(00:33]
} 55. Rb2 {(00:51)} Rc8 {(00:43)} 56. Rxb4 {(00:18)} Rxc7+
{(00:04)} 57. Kd4 {(00:04)} Kd6 {(00:08)} 58. Rb6+ {
(00:22)} Rc6 {(00:05)} 59. Rb7 {(00:32)} Rc4+ {(00:
11)} 60. Ke3 {(00:04)} Rc3+ {(00:15)} 61. Kf2 {(00:02)}
Rc7 {(01:46)} 62. Rb8 {(00:22)} Ke7 {(00:46)} 63. Rb3 {
(00:32)} Kf6 {(00:22)} 64. Re3 {(01:07)} Rc4 {(00:
18)} 65. Kf3 {(00:13)} Ra4 {(00:53)} 66. Re1 {(00:38)} Ra5
{(00:46)} 67. Re3 {(01:00)} Rb5 {(00:04)} 68. Re1 {
(00:16)} Rb3+ {(00:10)} 69. Kf2 {(00:05)} d4 {(00:
36)} 70. Re4 {(00:21)} d3 {(00:49)} 71. Rd4 {(00:48)} Kf5
{(00:15)} 72. Rd6 {(00:10)} Ra3 {(00:33)} 73. Rd8 {
(01:23)} Ke4 {(00:28)} 74. Rd6 {(00:14)} Ra2+ {(00:
05)} 75. Ke1 {(00:10)} Ra1+ {(01:23)} 76. Kd2 {(00:17)}
Ra2+ {(00:01)} 77. Kd1 {(00:13)} e5 {(00:44)} 78. Re6 {
(00:12)} Ra5 {(00:23)} 79. Kd2 {(00:25)} Ra2+ {(00:
11)} 80. Kd1 {(00:01)} Kf3 {(00:37)} 81. Rxe5 {(00:18)}
Kxg3 {(00:10)} 82. Rg5+ {(00:36)} Kxf4 {(01:04)} 83. Rxg6
{(00:02)} Rh2 {(00:04)} 84. Rd6 {(00:46)} Ke4 {(00:
11)} 85. Re6+ {(00:06)} Kd5 {(00:05)} 86. Re8 {(00:15)}
Rxh4 {(00:08)} 87. Kd2 {(00:06)} Rd4 {(00:33)} 88. Ke3 {
(01:08)} Kc6 {(00:51)} 89. Rc8+ {(00:14)} Kd7 {(00:
05)} 90. Rc1 {(00:10)} Rd5 {(01:13)} 91. Kd2 {(00:21)} Ke6
{(00:25)} 92. Rh1 {(00:52)} Kf6 {(01:37)} 93. Rh3 {
(00:04)} Kg5 {(00:37)} 94. Rxd3 {(00:07)} Rf5 {(00:
28)} 95. Ke2 {(00:14)} Kg4 {(00:06)} 96. Rd8 {(00:19)} h4
{(00:31)} 97. Rg8+ {(00:04)} Kh3 {(00:11)} 98. Rg7 {
(00:22)} Kh2 {(00:10)} 99. Rg4 {(00:12)} h3 {(00:
06)} 100. Rg8 {(00:03)} Ra5 {(00:30)} 101. Kf1 {(00:23)}
Ra1+ {(00:17)} 102. Kf2 {(00:04)} Ra2+ {(00:04)} 103. Kf1
{(00:03)} Rg2 {(00:05)} 104. Rf8 {(00:48)} Rg7 {(
02:51)} 105. Rf2+ {(01:30)} Kg3 {(00:11)} 106. Kg1 {(00:
20)} Ra7 {(00:26)} 107. Rg2+ {(01:12)} hxg2 1/2-1/2

[Event "42nd Olympiad Baku 2016 Open"]
[Site "Baku"]
[Date "2016.09.04"]
[Round "3.30"]
[White "Vasquez Schroeder, Rodrigo"]
[Black "Ng, Tze Han"]
[Result "1-0"]
[ECO "A46"]
[WhiteElo "2546"]
[BlackElo "2190"]
[Annotator ""]
[PlyCount "91"]
[EventDate "2016.??.??"]
[EventCountry "AZE"]
[SourceTitle "playchess.com"]
[Source "ChessBase"]
[WhiteTeam "Chile"]
[BlackTeam "Malaysia"]
[WhiteTeamCountry "CHI"]
[BlackTeamCountry "MAS"]
[TimeControl "40/5400+30:1800+30"]

1. d4 {(00:00)} Nf6 {(00:00)} 2. Nf3 {(00:00)} e6 {
(00:03)} 3. e3 {(00:00)} b6 {(01:01)} 4. Bd3 {(00:
00)} Bb7 {(00:47)} 5. O-O {(00:01)} d5 {(00:58)} 6. b3 {
(01:40)} Bd6 {(01:04)} 7. Bb2 {(02:30)} O-O {(00:
59)} 8. Ne5 {(01:10)} c5 {(00:39)} 9. Nd2 {(00:15)} Nc6 {
(00:39)} 10. f4 {(00:41)} Nb4 {(04:55)} 11. Be2 {(
00:26)} Ne4 {(02:38)} 12. a3 {(02:00)} Nc6 {(01:14)} 13.
Nxe4 {(16:06)} dxe4 {(00:31)} 14. Nc4 {(01:15)} cxd4 {
(12:31)} 15. exd4 {(00:10)} Ne7 {(05:37)} 16. Qd2 {
(10:21)} Qc7 {(11:24)} 17. Nxd6 {(02:00)} Qxd6 {(
00:19)} 18. c4 {(00:27)} Rad8 {(09:38)} 19. Qc3 {(02:27)}
Nf5 {(01:50)} 20. Rad1 {(06:46)} f6 {(07:21)} 21. Qh3 {
(04:46)} Bc8 {(09:26)} 22. g4 {(05:21)} Ne7 {(00:
43)} 23. Qe3 {(01:09)} Bb7 {(04:37)} 24. a4 {(00:36)} a6 {
(06:16)} 25. Rd2 {(05:05)} Rfe8 {(00:58)} 26. Bc3 {
(03:47)} Kh8 {(03:09)} 27. Bd1 {(14:36)} b5 {(03:
19)} 28. axb5 {(03:15)} axb5 {(00:07)} 29. Be2 {(00:19)}
b4 {(00:49)} 30. Bb2 {(00:13)} Ra8 {(00:28)} 31. f5 {
(04:58)} exf5 {(04:44)} 32. gxf5 {(00:15)} Qd7 {(
00:38)} 33. Bg4 {(01:53)} Ra2 {(02:19)} 34. d5 {(00:18)}
Ng8 {(00:54)} 35. Rf4 {(03:51)} Nh6 {(01:08)} 36. Rxe4 {
(02:00)} Rxe4 {(00:32)} 37. Qxe4 {(00:07)} Ra8 {(
00:58)} 38. Re2 {(01:36)} Nxg4 {(00:12)} 39. Qxg4 {(00:09]
} Re8 {(00:12)} 40. Re6 {(00:00)} Rxe6 {(00:00)} 41. fxe6
{(01:27)} Qe7 {(03:40)} 42. Bd4 {(01:40)} h6 {(04:
43)} 43. Qe4 {(03:07)} Qe8 {(15:24)} 44. e7 {(05:21)} Bc8
{(01:08)} 45. c5 {(00:11)} Bh3 {(00:38)} 46. Kf2 {(
00:45)} 1-0

[Event "42nd Olympiad Baku 2016 Open"]
[Site "Baku"]
[Date "2016.09.04"]
[Round "3.23"]
[White "Vera Siguenas, Deivy"]
[Black "Blagojevic, Dragisa"]
[Result "1/2-1/2"]
[ECO "C92"]
[WhiteElo "2499"]
[BlackElo "2482"]
[Annotator ""]
[PlyCount "83"]
[EventDate "2016.??.??"]
[EventCountry "AZE"]
[SourceTitle "playchess.com"]
[Source "ChessBase"]
[WhiteTeam "Peru"]
[BlackTeam "Montenegro"]
[WhiteTeamCountry "PER"]
[BlackTeamCountry "MNE"]
[TimeControl "40/5400+30:1800+30"]

1. e4 {(00:00)} e5 {(00:00)} 2. Nf3 {(00:00)} Nc6 {
(00:00)} 3. Bb5 {(00:00)} a6 {(00:00)} 4. Ba4 {(00:
00)} Nf6 {(00:09)} 5. O-O {(00:03)} Be7 {(00:09)} 6. Re1 {
(00:05)} b5 {(00:14)} 7. Bb3 {(00:04)} d6 {(00:10)}
8. c3 {(00:05)} O-O {(00:10)} 9. h3 {(00:04)} Nd7 {
(00:22)} 10. d4 {(00:30)} Bb7 {(00:31)} 11. a4 {(
02:06)} Na5 {(01:15)} 12. Bc2 {(01:09)} c5 {(00:26)} 13.
d5 {(04:17)} Qc7 {(03:31)} 14. Nbd2 {(05:08)} c4 {(
02:43)} 15. Nf1 {(06:33)} Nc5 {(01:10)} 16. axb5 {(01:26)}
axb5 {(02:05)} 17. Be3 {(01:08)} Nab3 {(06:58)} 18. Rb1 {
(01:53)} Ra2 {(05:38)} 19. N3d2 {(04:10)} Nxd2 {(
05:18)} 20. Qxd2 {(01:07)} Bc8 {(08:40)} 21. Ng3 {(01:40)}
Bd7 {(19:00)} 22. Rf1 {(02:23)} Na4 {(04:00)} 23. Bxa4 {
(20:47)} bxa4 {(01:15)} 24. Ne2 {(01:13)} a3 {(01:
25)} 25. Nc1 {(00:12)} Rxb2 {(00:14)} 26. Rxb2 {(00:03)}
axb2 {(00:07)} 27. Qxb2 {(00:03)} Rb8 {(07:21)} 28. Qd2 {
(01:32)} Qa5 {(05:33)} 29. Na2 {(05:40)} Rb3 {(00:
57)} 30. Nb4 {(00:06)} Qa3 {(02:07)} 31. Rc1 {(06:03)} f5
{(02:48)} 32. Bg5 {(04:58)} Bf8 {(01:57)} 33. Qe1 {
(09:38)} h6 {(06:12)} 34. Ra1 {(01:01)} Qb2 {(00:
33)} 35. Bd2 {(00:11)} fxe4 {(00:48)} 36. Kh2 {(09:28)}
Bf5 {(04:00)} 37. Ra2 {(05:20)} Qb1 {(00:15)} 38. Qxb1 {
(00:03)} Rxb1 {(00:05)} 39. Ra8 {(01:47)} e3 {(06:
51)} 40. Bxe3 {(00:00)} Rb3 {(00:00)} 41. Nc6 {(18:26)}
Kf7 {(10:56)} 42. Ra7+ {(03:47)} 1/2-1/2

[Event "42nd Olympiad Baku 2016 Open"]
[Site "Baku"]
[Date "2016.09.04"]
[Round "3.14"]
[White "Villegas, Pierre"]
[Black "Borisek, Jure"]
[Result "1/2-1/2"]
[ECO "A80"]
[WhiteElo "2329"]
[BlackElo "2558"]
[Annotator ""]
[PlyCount "64"]
[EventDate "2016.??.??"]
[EventCountry "AZE"]
[SourceTitle "playchess.com"]
[Source "ChessBase"]
[WhiteTeam "Monaco"]
[BlackTeam "Slovenia"]
[WhiteTeamCountry "MNC"]
[BlackTeamCountry "SLO"]
[TimeControl "40/5400+30:1800+30"]

1. d4 {(00:00)} f5 {(00:00)} 2. Nc3 {(00:00)} Nf6 {
(00:00)} 3. Bg5 {(00:27)} d5 {(00:08)} 4. f3 {(00:
21)} c5 {(00:12)} 5. e4 {(02:52)} Nc6 {(00:06)} 6. Nge2 {
(05:29)} fxe4 {(12:59)} 7. fxe4 {(02:18)} cxd4 {(
13:12)} 8. Nxd4 {(01:10)} dxe4 {(00:13)} 9. Nxc6 {(05:56)}
Qxd1+ {(04:42)} 10. Rxd1 {(01:58)} bxc6 {(00:07)} 11. Bc4
{(13:25)} Bg4 {(14:26)} 12. Rd2 {(01:48)} e5 {(02:
06)} 13. Rf1 {(10:08)} e3 {(12:24)} 14. Rd3 {(13:22)} Be7
{(01:40)} 15. Rxe3 {(04:02)} O-O-O {(00:55)} 16. Be2 {
(17:04)} Bxe2 {(07:20)} 17. Rxe2 {(00:10)} Rhe8 {(
05:52)} 18. Bxf6 {(02:48)} gxf6 {(03:00)} 19. Ne4 {(00:11]
} Rf8 {(00:03)} 20. Rf5 {(04:36)} Kd7 {(01:25)} 21. g4 {
(02:52)} Rb8 {(03:09)} 22. b3 {(02:37)} a5 {(00:16]
} 23. h3 {(01:12)} a4 {(00:25)} 24. Ref2 {(00:50)} Ke6 {
(01:17)} 25. g5 {(01:30)} Rb4 {(02:52)} 26. c4 {(
01:20)} axb3 {(00:19)} 27. axb3 {(00:04)} Rxb3 {(00:26)}
28. gxf6 {(03:26)} Re3+ {(05:03)} 29. Kf1 {(01:05)} Rxe4 {
(00:05)} 30. fxe7 {(00:03)} Re8 {(00:09)} 31. Rf6+ {
(01:02)} Kxe7 {(00:17)} 32. Rxc6 {(00:07)} Rf8 {(
00:51)} 1/2-1/2